 Dungeon Crawl Stone Soup version 0.22.0-16-gc6d26f6 (webtiles) character file.

1281 letownia2 the Insei (level 8, 63/63 HPs)
             Began as a Demonspawn Transmuter on Aug 17, 2018.
             Quit the game on level 4 of the Dungeon.
             The game lasted 00:12:42 (2238 turns).

letownia2 the Insei (Demonspawn Transmuter)         Turns: 2238, Time: 00:12:42

Health: 63/63      AC:  9    Str: 13    XL:     8   Next: 29%
Magic:  11/11      EV: 11    Int: 15    God:
Gold:   319        SH:  0    Dex: 13    Spells: 6/12 levels left

rFire    + . .     SeeInvis .     - Unarmed
rCold    + . .     Gourm    .   (no shield)
rNeg     . . .     Faith    .   l - +0 ring mail
rPois    .         Spirit   .   (no helmet)
rElec    +         Reflect  .   m - scarf {rC+ rF+}
rCorr    .         Harm     .   (no gloves)
MR       .....                  (no boots)
Stlth    +.........             g - amulet of rage
HPRegen  0.20/turn              (no ring)
MPRegen  0.12/turn              (no ring)

@: no status effects
A: thin metallic scales 3
a: Evoke Berserk Rage


You were on level 4 of the Dungeon.
You were not hungry.

You visited 1 branch of the dungeon, and saw 6 of its levels.

You collected 319 gold pieces.

Inventory:

Hand Weapons
 q - a +0 blowgun
Missiles
 a - 102 arrows
 j - 4 javelins (quivered)
 k - 46 sling bullets
 n - 9 tomahawks
 p - 10 poisoned needles
 D - 3 curare-tipped needles
Armour
 b - a +0 robe
 l - a +0 ring mail (worn)
 m - a scarf of resistance (worn)
 r - a +0 leather armour
 s - a +0 scale mail
 A - a +0 hat
Jewellery
 g - an amulet of rage (around neck)
 v - an uncursed ring of fire
Wands
 t - a wand of iceblast (8)
Scrolls
 c - 2 scrolls of random uselessness {unknown}
 f - 7 scrolls of identify {unknown}
 h - a scroll of enchant weapon {unknown}
 i - 4 scrolls of enchant armour {unknown}
 u - a scroll of magic mapping {unknown}
 x - a scroll of teleportation {unknown}
 y - a scroll of remove curse {unknown}
Potions
 e - 4 potions of curing {unknown}
 o - 3 potions of heal wounds
 w - a potion of cancellation {unknown}
 z - a potion of degeneration {unknown}
 C - 2 potions of flight {unknown}
Comestibles
 d - 7 rations


   Skills:
 - Level 5.6 Fighting
 - Level 2.0 Armour
 - Level 1.8 Dodging
 - Level 0.5 Stealth
 + Level 7.4 Unarmed Combat
 - Level 2.5 Spellcasting
 - Level 2.1 Transmutations


You had 6 spell levels left.
You knew the following spells:

 Your Spells              Type           Power        Failure   Level  Hunger
a - Beastly Appendage     Tmut           #.....       19%         1    #......
l - Sticks to Snakes      Tmut           #.......     28%         2    ###....
p - Spider Form           Tmut/Pois      #.........   65%         3    ###....

Your spell library contained the following spells:

 Spells                   Type           Power        Failure   Level  Hunger
 Blade Hands              Tmut           #.........   99%         5    ######.
 Ice Form                 Ice/Tmut       #.......     96%         4    #####..


Dungeon Overview and Level Annotations

Branches:
Dungeon (6/15)
 Temple: D:4-7

Altars:
Fedhas
Makhleb
Okawaru
Ru
Wu Jian


Innate Abilities, Weirdness & Mutations

You are completely covered in thin metallic scales. (AC +4, rElec)


Message History

You punch the bullfrog!
The bullfrog is almost dead.
The bullfrog hits you but does no damage.
You punch the bullfrog!
You kill the bullfrog!
You see here a bullfrog corpse.
You now have 319 gold pieces (gained 11).
There is an open door here.
HP restored.
There is an escape hatch in the ceiling here.
A mysterious force pulls you upwards. The hatch slams shut behind you.
Unknown command.
There is a stone staircase leading up here.
You climb upwards.
There is a stone staircase leading down here.
Are you sure you want to abandon this character and quit the game? (Confirm with "yes".)
Okay, then.
Put on which piece of jewellery? (? for menu, Esc to quit)
Okay, then.
Are you sure you want to abandon this character and quit the game? (Confirm with "yes".)

####### .(.............#
.....[# ...............#
.....)# #######........#
......# #........#
......# #........#
......# #........#
......# #........#
......##########'#######
................@..#
.#####.####....###.#####
.# #.#..'[<..#.......#
.# #.#.##.[..#.#.###.###
.# #.#.##....#.#.#......
.# ##.#.##....# #)....#
.# #....#####...#...(.#
.# #....#####.###.....#
.## #.......##.....#'###


There were no monsters in sight!

Vanquished Creatures
  Grinder (D:4)
  Duvessa (D:4)
  An ice beast (D:5)
  A sky beast (D:6)
  2 ogres (D:4)
  2 bullfrogs (D:6)
  Dowan (D:4)
  2 crimson imps (D:4)
  A bullfrog zombie (D:5)
  A bullfrog skeleton (D:4)
  3 worker ants
  A hound zombie (D:5)
  2 hound skeletons
  A howler monkey zombie (D:5)
  5 worker ant zombies (D:5)
  7 adders
  A howler monkey skeleton (D:3)
  A white imp (D:4)
  An ooze (D:3)
  2 dart slugs (D:1)
  2 leopard geckos
  10 orcs (D:3)
  2 ball pythons
  9 giant cockroaches
  9 goblins
  6 hobgoblins
  5 jackals
  10 kobolds
  4 quokkas
  A ball python skeleton (D:6)
  5 bats
  6 frilled lizards
  A giant cockroach zombie (D:5)
  4 quokka zombies
  8 rats
119 creatures vanquished.

Notes
Turn   | Place    | Note
-------+----------+-------------------------------------------
     0 | D:1      | letownia2 the Demonspawn Transmuter began the quest for the Orb.
     0 | D:1      | Reached XP level 1. HP: 15/15 MP: 3/3
    95 | D:1      | Reached skill level 3 in Unarmed Combat
   177 | D:1      | Gained mutation: You are partially covered in thin metallic scales. (AC +2) [demonic ancestry]
   177 | D:1      | Reached XP level 2. HP: 6/21 MP: 1/5
   465 | D:2      | Reached XP level 3. HP: 3/26 MP: 3/6
   640 | D:3      | Gained mutation: You are mostly covered in thin metallic scales. (AC +3) [demonic ancestry]
   640 | D:3      | Reached XP level 4. HP: 29/33 MP: 5/7
   857 | D:4      | Noticed an ogre
   861 | D:4      | Killed an ogre
   861 | D:4      | Reached skill level 4 in Unarmed Combat
   861 | D:4      | Gained mutation: You are completely covered in thin metallic scales. (AC +4, rElec) [demonic ancestry]
   861 | D:4      | Reached XP level 5. HP: 38/41 MP: 8/8
   873 | D:4      | Noticed an ogre
   878 | D:4      | Reached skill level 1 in Armour
   880 | D:4      | Killed an ogre
   880 | D:4      | Reached XP level 6. HP: 36/47 MP: 9/9
  1061 | D:4      | Noticed Duvessa
  1061 | D:4      | Noticed Dowan
  1067 | D:3      | Learned a level 2 spell: Sticks to Snakes
  1072 | D:3      | Learned a level 3 spell: Spider Form
  1099 | D:3      | Reached skill level 5 in Unarmed Combat
  1147 | D:4      | HP: 2/47 [Duvessa/rapier (2)]
  1149 | D:4      | Killed Duvessa
  1151 | D:4      | Killed Dowan
  1192 | D:4      | Reached XP level 7. HP: 8/53 MP: 8/10
  1242 | D:4      | Found an iron altar of Okawaru.
  1243 | D:4      | Found a sacrificial altar of Ru.
  1256 | D:4      | Noticed Grinder
  1279 | D:5      | Entered Level 5 of the Dungeon
  1311 | D:5      | Found a blossoming altar of Fedhas.
  1317 | D:5      | Found a burning altar of Makhleb.
  1579 | D:4      | Killed Grinder
  1579 | D:4      | Reached skill level 5 in Fighting
  1579 | D:4      | Reached skill level 6 in Unarmed Combat
  1904 | D:5      | Reached XP level 8. HP: 61/63 MP: 11/11
  2063 | D:6      | Reached skill level 7 in Unarmed Combat
  2109 | D:6      | Found an ornate altar of the Wu Jian Council.
  2238 | D:4      | Quit the game

Skill      XL: |  1  2  3  4  5  6  7  8 |
---------------+-------------------------+-----
Unarmed Combat | 3 4 5 6 7 |  7.4
Transmutations | 2 |  2.1
Fighting       | 3 5 |  5.6
Armour         | 1 2 |  2.0
Dodging        | |  1.8
Stealth        | |  0.5
Spellcasting   | |  2.5

Action                   |  1- 3 |  4- 6 |  7- 9 || total
-------------------------+-------+-------+-------++-------
Melee: Unarmed           |   111 |   153 |   203 ||   467
       Headbutt          |     7 |     9 |     8 ||    24
       Punch             |     4 |     3 |     3 ||    10
       Kick              |    15 |     7 |    10 ||    32
Throw: Javelin           |       |     3 |     1 ||     4
 Cast: Beastly Appendage |    21 |    11 |    11 ||    43
       Spider Form       |       |     1 |       ||     1
 Abil: Evoke Berserk Rag |       |       |     2 ||     2
Evoke: Wand              |       |     4 |       ||     4
  Use: Potion            |     1 |       |       ||     1
  Eat: Chunk             |       |     2 |     6 ||     8
Armor: Robe              |    14 |       |       ||    14
       Ring mail         |    32 |    61 |    73 ||   166
Dodge: Dodged            |    59 |    91 |    85 ||   235
